 Dungeon Crawl Stone Soup version 0.32-a0-666-ge8a88695a4 (webtiles) character file.

Game seed: 15962992178848224950

163835 GloriousHammer the Spear-Bearer (level 17, -23/138 HPs)
             Began as a Coglin Artificer on Mar 8, 2024.
             Was a High Priest of Yredelemnul.
             Engulfed by Bai Suzhen's thunder (33 damage)
             ... on level 4 of the Swamp on Mar 10, 2024.
             The game lasted 01:51:13 (28204 turns).

GloriousHammer the Spear-Bearer (Coglin Artificer) Turns: 28204, Time: 01:51:13

Health: -23/138    AC: 29    Str: 18    XL:     17   Next: 84%
Magic:  25/25      EV: 14    Int: 12    God:    Yredelemnul [*****.]
Gold:   1532       SH:  0    Dex: 16    Spells: 15/27 levels left

rFire   + . .        j - +5 trident (heavy) {Egon}
rCold   + + .        V - +1 trident (protect) {Bernhard}
rNeg    . . .        o - +6 scale mail "Ofaylioh" {rPois rC++}
rPois   +            m - +0 helmet
rElec   .            f - +1 cloak
rCorr   +            v - +0 pair of gloves
SInv    .            T - +0 pair of boots
Will    ++...        (amulet unavailable) Stlth
                     (ring unavailable)
HPRegen 1.23/turn    (ring unavailable)
MPRegen 0.59/turn    r - tuning booster {rPois rF+ Regen+ RegenMP+ rCorr}

%: no passive effects
@: mighty, under a protective aura, enlightened, flying, wreathed by umbra,
revved
A: off-hand wielding, slow wielding, warmup strikes, no jewellery
a: Renounce Religion, Light the Black Torch, Recall Undead Harvest, Hurl
Torchlight, Bind Soul, Fathomless Shackles


You were on level 4 of the Swamp.
You worshipped Yredelemnul.
Yredelemnul was aware of your devotion.
You visited 5 branches of the dungeon, and saw 27 of its levels.
You also visited: Ossuary.

You collected 3395 gold pieces.
You spent 1863 gold pieces at shops.

Inventory:

Hand Weapons
 j - a +5 heavy trident (weapon) {Egon}
 q - the +3 dagger of Pedygov {flame, rF+ Will+ Dex+2 Stlth+}
   (You found it on level 2 of the Dungeon)

   Dex+2:     It affects your dexterity (+2).
   rF+:       It protects you from fire.
   Will+:     It increases your willpower.
   Stlth+:    It makes you more stealthy.
 V - a +1 trident of protection (offhand) {Bernhard}
Missiles
 c - 6 atropa-tipped darts
 i - 4 curare-tipped darts
 D - 23 boomerangs
 I - a throwing net
 K - 24 poisoned darts
Armour
 f - a +1 cloak (worn)
 m - a +0 helmet (worn)
 o - the +6 scale mail "Ofaylioh" (worn) {rPois rC++}
   (You found it on level 5 of the Dungeon)

   rC++:      It greatly protects you from cold.
   rPois:     It protects you from poison.
 v - a +0 pair of gloves (worn)
 H - a scarf of resistance
 T - a +0 pair of boots (worn)
Gizmo
 r - a tuning booster (installed) {rPois rF+ Regen+ RegenMP+ rCorr}
   (You invented it yourself on level 9 of the Dungeon)

   [tuning booster]

   rF+:       It protects you from fire.
   rPois:     It protects you from poison.
   Regen+:    It increases your rate of health regeneration.
   rCorr:     It protects you from acid and corrosion.
   RegenMP+:  It increases your rate of magic regeneration.
Wands
 d - a wand of charming (30)
 e - a wand of iceblast (14)
 F - a wand of mindburst (9)
 M - a wand of polymorph (8)
 Q - a wand of digging (14)
 Z - a wand of quicksilver (10)
Scrolls
 b - a scroll of torment
 g - 2 scrolls of butterflies
 k - 4 scrolls of immolation
 l - a scroll of amnesia
 n - 14 scrolls of teleportation
 p - 3 scrolls of noise
 w - a scroll of brand weapon
 x - 2 scrolls of poison
 y - 3 scrolls of vulnerability
 J - 3 scrolls of revelation
 L - 4 scrolls of fog
 N - 3 scrolls of enchant weapon
 O - 5 scrolls of silence
 S - a scroll of fear (quivered)
 X - a scroll of enchant armour
Potions
 a - 2 potions of magic
 h - 9 potions of curing
 s - 4 potions of cancellation
 t - a potion of lignification
 A - 5 potions of mutation
 B - 4 potions of attraction
 C - 2 potions of ambrosia
 E - 3 potions of brilliance
 P - 3 potions of enlightenment
 R - 2 potions of invisibility
 U - 4 potions of resistance
Miscellaneous
 W - a phial of floods (inert)


   Skills:
 + Level 13.7 Fighting
 - Level 1.0 Short Blades
 - Level 14.0 Polearms
 - Level 4.1 Throwing
 + Level 12.7 Armour
 + Level 8.5 Dodging
 - Level 0.7 Stealth
 + Level 5.9 Spellcasting
 + Level 4.0 Summonings
 + Level 7.0 Necromancy
 + Level 10.6 Invocations
 + Level 11.4 Evocations


You had 15 spell levels left.
You knew the following spells:

 Your Spells              Type           Power      Damage    Failure   Level
a - Fugue of the Fallen   Necr           20%        N/A       7%          3
b - Curse of Agony        Necr           20%        N/A       54%         5
c - Martyr's Knell        Necr/Summ      16%        N/A       41%         4

Your spell library contained the following spells:

 Spells                   Type           Power      Damage    Failure   Level
 Sublimation of Blood     Necr           20%        N/A       3%          2
 Call Imp                 Summ           26%        N/A       12%         2
 Cigotuvi's Dreadful Rot  Necr/Alch/Air  18%        N/A       24%         2
 Dispel Undead            Necr           20%        3d11      24%         4
 Magic Dart               Conj           12%        1d3       41%         1
 Sandblast                Erth           6%         2d5       41%         1
 Ensorcelled Hibernation  Hex/Ice        6%         N/A       54%         2
 Lesser Beckoning         Tloc           6%         N/A       54%         2
 Mercury Vapours          Alch/Air       6%         N/A       54%         2
 Searing Ray              Conj           6%         2d4       54%         2
 Static Discharge         Conj/Air       6%         3-4/arc   54%         2
 Anguish                  Hex/Necr       6%         N/A       69%         4
 Dazzling Flash           Conj/Hex       6%         N/A       78%         3
 Gell's Gravitas          Tloc           3%         N/A       78%         3
 Mephitic Cloud           Conj/Alch/Air  3%         N/A       78%         3
 Passwall                 Erth           3%         N/A       78%         3
 Stone Arrow              Conj/Erth      6%         3d7       78%         3
 Teleport Other           Tloc           3%         N/A       78%         3
 Animate Armour           Summ/Erth      16%        N/A       88%         4
 Summon Lightning Spire   Summ/Air       8%         N/A       88%         4
 Airstrike                Air            1%         2d(1-17)  99%         4
 Brom's Barrelling Bould  Conj/Erth      3%         2d3       99%         4
 Fulminant Prism          Conj/Alch      1%         3d5       99%         4
 Freezing Cloud           Conj/Ice/Air   1%         6-21      100%        5
 Silence                  Hex/Air        1%         N/A       100%        5
 Dispersal                Tloc           1%         N/A       100%        6
 Summon Hydra             Summ           6%         N/A       100%        7
 Borgnjor's Revivificati  Necr           10%        N/A       100%        8
 Lehudib's Crystal Spear  Conj/Erth      1%         10d2      100%        8
 Death Channel            Necr           Unusable   N/A       N/A         6

Dungeon Overview and Level Annotations

Branches:
Dungeon (15/15)            Temple (1/1) D:5            Lair (5/5) D:8
  Swamp (4/4) Lair:3        Snake (0/4) Lair:2        Slime (0/5) Lair:5
    Orc (2/2) D:9             Elf (0/3) Orc:2        Vaults (0/5) D:13
 Depths (0/4) D:15        Ossuary (visited)

Altars:
Ashenzari
Cheibriados
Dithmenos
Elyvilon
Fedhas
Gozag
Hepliaklqana
Kikubaaqudgha
Makhleb
Nemelex Xobeh
Okawaru
Qazlal
Ru
Sif Muna
Trog
Uskayaw
Vehumet
Wu Jian
Xom
Yredelemnul
Zin
The Shining One
Beogh
Jiyva

Shops:
Orc:2 *[?*!

Annotations:
Lair:2 exclusion: downstairs
Lair:3 3 runed translucent doors, ClasyJones's ghost, journeyman TrFi
Swamp:3 exclusion: 2 downstairs
Swamp:4 Bai Suzhen


Innate Abilities, Weirdness & Mutations

You can wield a second weapon in your off-hand.
It takes a long time for you to wield or remove held weapons.
Your first few attacks do less damage.
You cannot equip rings or amulets.


Message History

You feel very mighty all of a sudden. Bai Suzhen barely misses you.
Bai Suzhen tail-slaps you but does no damage.
The eight-headed hydra bites you but does no damage.
The eight-headed hydra closely misses you.
The eight-headed hydra bites you but does no damage.
The eight-headed hydra bites you.
The eight-headed hydra barely misses you.
The eight-headed hydra bites you but does no damage.
The eight-headed hydra closely misses you.
The eight-headed hydra bites you.
You hit Bai Suzhen but do no damage.
Your weapon exudes an aura of protection.
Bai Suzhen is moderately wounded.
You barely miss Bai Suzhen with your +5 heavy trident.
The eight-headed hydra disappears in a puff of smoke!
Bai Suzhen hits you but does no damage. Space warps horribly around you.
Bai Suzhen tail-slaps you.
The eight-headed hydra disappears in a puff of smoke!
You puncture Bai Suzhen with your +1 trident of protection!
You hear a splash.
Bai Suzhen roars in fury and transforms into a fierce dragon!
Bai Suzhen is moderately wounded.
You impale Bai Suzhen with your +5 heavy trident!!
You hit Bai Suzhen but do no damage.
Bai Suzhen is heavily wounded.
You puncture Bai Suzhen with your +5 heavy trident!
Bai Suzhen completely misses you.
Bai Suzhen claws you but does no damage.
Bai Suzhen tramples you but does no damage.
You hit Bai Suzhen with your +1 trident of protection.
Bai Suzhen is heavily wounded.
You impale Bai Suzhen with your +5 heavy trident!!
Bai Suzhen bites you!
Bai Suzhen claws you but does no damage.
Bai Suzhen closely misses you.
You hit Bai Suzhen but do no damage.
Bai Suzhen is severely wounded.
You hit Bai Suzhen but do no damage.
You completely miss Bai Suzhen with your +5 heavy trident.
Bai Suzhen is severely wounded.
You hit Bai Suzhen but do no damage.
You are engulfed in a thunderstorm.
Bai Suzhen bites you but does no damage.
Bai Suzhen claws you!
Bai Suzhen tramples you but does no damage.
You hit Bai Suzhen with your +1 trident of protection.
Bai Suzhen is severely wounded.
You hit Bai Suzhen but do no damage.
You are engulfed in a thunderstorm.
* * * LOW HITPOINT WARNING * * *
Bai Suzhen bites you but does no damage.
Bai Suzhen claws you.
* * * LOW HITPOINT WARNING * * *
Bai Suzhen tramples you!
* * * LOW HITPOINT WARNING * * *
You are shoved backwards!
You feel much better. Bai Suzhen breathes water at you.
The torrent of water misses you.
The wave splashes down.
Aim the phial where?
Press: ? - help, Shift-Dir - straight line, f/p - Bai Suzhen
Aim: Bai Suzhen (severely wounded, surrounded by thunder, soul-gripped, catching her breath, umbra, 95% to hit)
The torrent of water hits Bai Suzhen.
Bai Suzhen is severely wounded.
Bai Suzhen is engulfed in water.
The wave splashes down.
Bai Suzhen barely misses you.
Bai Suzhen claws you but does no damage.
Bai Suzhen tramples you.
* * * LOW HITPOINT WARNING * * *
You hold your ground!
Okay, then.
Okay, then.
You impale Bai Suzhen with your +1 trident of protection!!
Bai Suzhen is severely wounded.
You hit Bai Suzhen but do no damage. Bai Suzhen misses you.
Bai Suzhen closely misses you. Bai Suzhen tramples you.
* * * LOW HITPOINT WARNING * * *
You are shoved backwards!
Unknown command.
You hit Bai Suzhen with your +5 heavy trident.
Bai Suzhen is severely wounded.
You hit Bai Suzhen with your +1 trident of protection.
You are engulfed in a thunderstorm.
* * * LOW HITPOINT WARNING * * *
Okay, then.
Read: 2 scrolls of fear
Press: ? - help, Q - select action, (/) - cycle Dir - look around, f - activate Look: Bai Suzhen (severely wounded, surrounded by thunder, unaffected by silence, soul-gripped, catching her breath, waterlogged, umbra, chance to affect: 47%)
Okay, then.
Okay, then.
Okay, then.
Read: 2 scrolls of fear
Press: ? - help, Q - select action, (/) - cycle Dir - look around, f - activate Look: Bai Suzhen (severely wounded, surrounded by thunder, unaffected by silence, soul-gripped, catching her breath, waterlogged, umbra, chance to affect: 47%)
As you read the scroll of fear, it crumbles to dust.
You assume a fearsome visage.
Bai Suzhen resists with almost no effort.
You are engulfed in a thunderstorm.
You die...
Your body rises from the dead as a mindless zombie.

♣♣~.♣♣♣..~~~~~~~.
♣~..♣♣~..~~(~~~~♣ ..
♣♣♣.♣♣.~~~§.~~~~♣ .#.
♣[..~~~§♣..... $~..#.
♣♣~§~§~.♣♣...♣♣ .~...~~
♣♣.~~~.~♣♣♣♣.~.♣♣ ♣♣.<.~.~~
♣.~~~~.♣♣♣♣.~~~.♣ ♣♣.......~
♣.§~~~.♣~♣~~~~~.♣♣♣♣~.~~.§~§~
♣~..~~...~~~~~.~@D§)~~~~~~~~~§~~.
♣♣...~~...~~~~~♣§~§§§~~~~~~§~~~~.
♣~§~~~~~.....~§♣♣~~~~~~~~~~~~~~~.
♣♣~~~~~.~.~♣§~♣♣♣..~~~~~~..~~~.~~
♣.~~~..~.♣♣♣♣♣ ♣♣~.~~~~§...~~k~~
♣♣.<♣♣~~~♣ ♣♣♣.~~~~.♣.~~~~~
♣♣♣♣♣♣♣♣♣ ♣♣.~§~.♣ ~~~~ ♣♣~~§~.$
~~~. ~..~...~~§♣


You could see Bai Suzhen (clouds, unsilenced, soul-gripped, catching breath,
waterlogged).

Vanquished Creatures
  Jorgrun (Swamp:3)
  A thorn hunter (Swamp:2)
  A fire giant (D:15)
  An ironbound preserver (D:13)
  Nessos (D:12)
  4 eleionomae
  3 bunyips
  Snorg (D:11)
  A shambling mangrove (Swamp:2)
  4 centaur warriors
  A ghost crab (Swamp:2)
  An ogre mage (D:15)
  7 alligators
  A spriggan air mage (Swamp:2)
  Erica (D:11)
  A boulder beetle (Lair:4)
  8 hydras
  8 death yaks
  7 two-headed ogres
  2 death knights
  A deep troll earth mage (D:15)
  5 orc high priests
  3 skeletal warriors (D:14)
  3 goliath frogs
  2 skysharks
  2 arcanists
  6 spriggan druids
  7 swamp dragons
  A phantasmal warrior (D:13)
  4 bog bodies
  4 orc knights
  2 deep elf pyromancers (D:15)
  7 orc sorcerers
  8 ugly things
  2 manticores (D:9)
  3 will-o-the-wisps
  3 meliai
  2 cyclopes
  A kobold blastminer (Orc:2)
  6 elephants
  A black mamba (Lair:4)
  A torpor snail (Lair:5)
  12 cane toads
  An ice statue (D:7)
  A gargoyle (D:11)
  4 komodo dragons
  An unseen horror (D:9)
  Maggie (Lair:2)
  A kobold demonologist (D:11)
  3 rime drakes (Lair:5)
  2 freezing wraiths (D:15)
  2 polar bears
  4 trolls
  A bloated husk (Swamp:1)
  5 tyrant leeches
  5 hornets
  9 blink frogs
  3 dream sheep
  4 slime creatures
  2 shadows
  2 centaur simulacra (D:15)
  17 yaks
  2 spriggans (Swamp:1)
  3 wraiths
  Grum (Lair:1)
  11 wyverns
  3 basilisks
  The ghost of hattop the Slasher, an amateur CoMo of Trog (D:3)
  10 vampire mosquitoes
  A naga (Lair:2)
  Menkaure (D:4)
  7 swamp worms
  2 acid dragons (D:11)
  8 water moccasins
  A hell hound (Lair:5)
  2 sky beasts
  3 swamp drakes
  21 orc warriors
  6 ogres
  A black bear (D:5)
  10 centaurs
  8 wolves
  A phantom (D:6)
  A kobold brigand (D:3)
  12 bullfrogs
  4 gnoll sergeants
  2 scorpions (D:5)
  26 killer bees
  A howler monkey (D:7)
  An electric eel (Lair:1)
  5 hounds
  22 orc priests
  3 jellies
  5 gnoll boudas
  2 human zombies (Ossuary)
  2 sleepcaps
  4 iguanas
  13 orc wizards
  6 hell rats (Lair:5)
  A statue (D:3)
  A hound zombie (Ossuary)
  4 mummies (Ossuary)
  25 gnolls
  6 adders
  3 shadow imps
  4 ufetubi
  An adder zombie (Ossuary)
  5 dart slugs
  42 orcs
  8 ball pythons
  10 endoplasms
  3 giant cockroaches
  A gnoll zombie (Ossuary)
  5 goblins
  7 hobgoblins
  3 jackals (D:5)
  19 kobolds
  5 quokkas
  10 bats
  7 frilled lizards
  A hobgoblin zombie (Ossuary)
  A jackal zombie (Ossuary)
  A kobold zombie (Ossuary)
  2 orc zombies (Ossuary)
  9 rats
  2 rat zombies (Ossuary)
  A spectral kobold (D:8)
  A spectral weapon (Lair:3)
609 creatures vanquished.

Vanquished Creatures (collateral kills)
  A thorn hunter (Swamp:2)
  An eleionoma (Swamp:3)
  5 bunyips
  A shambling mangrove (Swamp:2)
  An entropy weaver (D:13)
  2 ghost crabs
  3 hydras
  A spriggan air mage (Swamp:2)
  4 centaur warriors (D:14)
  3 alligators
  2 two-headed ogres
  4 tengu warriors (D:14)
  An orc high priest (Orc:1)
  2 death yaks (Lair:5)
  A boulder beetle (D:15)
  3 skysharks (Lair:5)
  4 goliath frogs
  A fire crab (Lair:5)
  2 spriggan druids
  5 swamp dragons
  8 bog bodies
  An orc knight (Orc:2)
  A phantasmal warrior (D:15)
  2 lindwurms (Lair:3)
  5 ugly things
  10 elephants
  A manticore (D:12)
  3 meliai
  4 kobold blastminers (Orc:2)
  11 cane toads
  4 komodo dragons
  2 unseen horrors
  2 freezing wraiths (D:13)
  4 rime drakes
  A tengu conjurer (D:14)
  7 tyrant leeches
  A troll (D:11)
  A polar bear (Lair:5)
  6 hornets
  Prince Ribbit (D:9)
  5 dream sheep
  18 blink frogs
  A slime creature (D:12)
  4 spriggans
  A shadow (Orc:1)
  3 wyverns
  22 yaks
  2 wraiths
  2 basilisks
  A warg (Orc:1)
  3 vampire mosquitoes
  2 nagas (Lair:2)
  3 swamp worms
  4 water moccasins
  5 swamp drakes
  6 orc warriors
  A black bear (D:8)
  6 centaurs
  3 ogres
  6 wolves
  2 kobold brigands
  7 bullfrogs
  2 scorpions (D:8)
  4 killer bees
  A hound (D:8)
  4 orc priests
  4 orc wizards
  2 hell rats (Lair:5)
  An adder (D:6)
  9 gnolls
  26 orcs
  4 hobgoblins (D:8)
  4 kobolds
290 creatures vanquished.

Vanquished Creatures (others)
  A bunyip (Swamp:2)
  A spectral catoblepas (Lair:5)
  A spectral hydra (Swamp:4)
  4 bunyip zombies
  A bog body (Swamp:4)
  An orc knight (Orc:2)
  2 goliath frog zombies
  An alligator zombie (Swamp:2)
  2 eleionoma zombies
  A spectral two-headed ogre (Lair:2)
  A spectral orc (Swamp:2)
  2 spectral skysharks
  An unseen horror zombie (D:9)
  A komodo dragon (Lair:3)
  4 hydra zombies (Swamp:4)
  A hornet (Swamp:2)
  A meliai zombie (D:15)
  A deep troll zombie (D:15)
  A black mamba zombie (Lair:4)
  A spriggan (Swamp:2)
  2 slime creature zombies
  3 spriggan zombies
  4 tyrant leech zombies
  2 vampire mosquitoes (Swamp:1)
  4 skyshark zombies
  6 cane toad zombies
  9 blink frog zombies
  2 manticore zombies (D:9)
  5 swamp dragon zombies
  An elf zombie (D:15)
  5 hornet zombies (Swamp:2)
  A lindwurm zombie (Lair:3)
  An elephant zombie (Lair:3)
  3 rime drake zombies (Lair:5)
  A komodo dragon zombie (Lair:5)
  A fire crab zombie (Lair:5)
  5 wyvern zombies
  A scorpion (D:6)
  2 water moccasin zombies
  8 yak zombies
  9 wolf zombies
  3 centaur zombies
  6 bullfrog zombies
  A hound (D:5)
  9 killer bee zombies
  A sky beast zombie (D:6)
  3 ogre zombies
  A hound zombie (D:8)
  3 hell rat zombies (Lair:5)
  2 gnolls
  3 swamp drake zombies (Swamp:4)
  3 gnoll zombies
  An iguana zombie (D:6)
  An orc (D:9)
  A bat zombie (D:3)
  6 kobold zombies
  27 orc zombies
  9 foxfires
184 creatures vanquished.

Grand Total: 1083 creatures vanquished

Notes
Turn   | Place    | Note
-------+----------+-------------------------------------------
     0 | D:1      | GloriousHammer the Coglin Artificer began the quest for the
                  | Orb.
     0 | D:1      | Reached XP level 1. HP: 15/15 MP: 1/1
   117 | D:1      | Reached XP level 2. HP: 14/21 MP: 2/2
   411 | D:1      | Reached XP level 3. HP: 25/27 MP: 3/3
   986 | D:2      | Reached XP level 4. HP: 32/33 MP: 4/4
  1042 | D:2      | Identified the +3 dagger of Pedygov {flame, rF+ Will+ Dex+2
                  | Stlth+}
  1164 | D:2      | Reached skill level 5 in Evocations
  1780 | D:3      | Noticed hattop's ghost (amateur CoMo)
  1780 | D:3      | Noticed a kobold brigand
  1781 | D:3      | Found a runed translucent gate.
  1781 | D:3      | Found a runed translucent gate.
  1781 | D:3      | Found a runed translucent gate.
  1891 | D:3      | Found a radiant altar of Vehumet.
  1891 | D:3      | Noticed a frost-covered statue
  2252 | D:4      | Reached XP level 5. HP: 40/40 MP: 5/5
  2347 | D:4      | Noticed Menkaure
  2362 | D:4      | Killed Menkaure
  2363 | D:4      | Reached XP level 6. HP: 27/47 MP: 6/6
  2749 | D:5      | Entered Level 5 of the Dungeon
  2768 | D:5      | Reached XP level 7. HP: 28/54 MP: 7/7
  2936 | D:5      | Found a staircase to the Ecumenical Temple.
  3117 | D:5      | Found a sand-covered staircase.
  3132 | Ossuary  | Entered an ossuary
  3144 | Ossuary  | Reached skill level 5 in Fighting
  3167 | Ossuary  | Reached XP level 8. HP: 25/62 MP: 8/8
  3438 | Ossuary  | Reached skill level 5 in Armour
  3615 | Temple   | Entered the Ecumenical Temple
  3653 | Temple   | Became a worshipper of Yredelemnul the Fallen
  3733 | D:5      | Reached skill level 1 in Polearms
  3766 | D:5      | Found a sparkling altar of Nemelex Xobeh.
  3877 | D:5      | Identified the +6 scale mail "Ofaylioh" {rPois rC++}
  3984 | D:5      | Reached skill level 1 in Invocations
  4036 | D:5      | Found a shimmering blue altar of Sif Muna.
  4250 | D:5      | Found a sacrificial altar of Ru.
  4355 | D:6      | Reached skill level 2 in Polearms
  4372 | D:6      | Reached * piety under Yredelemnul
  4480 | D:6      | Reached skill level 3 in Polearms
  4599 | D:6      | Reached XP level 9. HP: 58/69 MP: 10/10
  4779 | D:6      | Reached skill level 4 in Polearms
  5450 | D:7      | Noticed an ice statue
  5596 | D:7      | Reached skill level 5 in Polearms
  6318 | D:8      | Reached ** piety under Yredelemnul
  6335 | D:8      | Reached XP level 10. HP: 70/79 MP: 12/12
  6340 | D:8      | Reached skill level 6 in Polearms
  6404 | D:8      | Found a shimmering altar of Xom.
  6681 | D:8      | Found a broken altar of Ashenzari.
  6758 | D:8      | Found a hazy altar of Hepliaklqana.
  6879 | D:8      | Found a staircase to the Lair.
  7283 | D:8      | Reached *** piety under Yredelemnul
  7285 | D:8      | Reached skill level 7 in Polearms
  7687 | D:9      | Reached **** piety under Yredelemnul
  7832 | D:9      | Noticed a six-headed hydra
  7833 | D:9      | Noticed a centaur warrior
  7868 | D:9      | Noticed a two-headed ogre
  7869 | D:9      | Found a staircase to the Orcish Mines.
  7876 | D:9      | Killed a two-headed ogre
  7876 | D:9      | Bound a two-headed ogre
  7892 | D:9      | Reached XP level 11. HP: 86/86 MP: 9/14
  7898 | D:9      | Reached skill level 8 in Polearms
  7898 | D:9      | Reached skill level 5 in Invocations
  7967 | D:9      | Noticed a manticore
  7998 | D:9      | Noticed a two-headed ogre
  8034 | D:9      | Found a transporter.
  8035 | D:9      | Noticed a cyan ugly thing
  8054 | D:9      | Noticed a manticore
  8055 | D:9      | Found a transporter.
  8125 | D:9      | Noticed Prince Ribbit
  8130 | D:9      | Killed Prince Ribbit
  8717 | D:10     | Entered Level 10 of the Dungeon
  8987 | D:10     | Found a snail-covered altar of Cheibriados.
  9052 | D:10     | Noticed a two-headed ogre
  9055 | D:10     | Killed a two-headed ogre
  9156 | D:10     | Found a glowing golden altar of the Shining One.
  9404 | Lair:1   | Entered Level 1 of the Lair of Beasts
  9807 | Lair:1   | Reached skill level 9 in Polearms
 10175 | Lair:1   | Noticed Grum
 10187 | Lair:1   | Killed Grum
 10738 | Lair:2   | Reached XP level 12. HP: 95/95 MP: 16/16
 10761 | Lair:2   | Noticed a skyshark
 10771 | Lair:2   | Killed a skyshark
 10777 | Lair:2   | Reached skill level 10 in Polearms
 10822 | Lair:2   | Noticed Maggie
 10830 | Lair:2   | Killed Maggie
 11379 | Lair:2   | Found a staircase to the Snake Pit.
 11921 | Lair:3   | Noticed a skyshark
 11932 | Lair:3   | Killed a skyshark
 11932 | Lair:3   | Bound a skyshark
 11944 | Lair:3   | Reached skill level 10 in Fighting
 11950 | Lair:3   | Reached skill level 11 in Polearms
 12248 | Lair:3   | Found a staircase to the Swamp.
 12269 | Lair:3   | Noticed a death yak
 12572 | Lair:2   | Upgraded the game from 0.32-a0-656-g3542139ebd to
                  | 0.32-a0-666-ge8a88695a4
 12711 | Lair:3   | Noticed a minotaur
 12713 | Lair:3   | Noticed ClasyJones's ghost (journeyman TrFi)
 12738 | Lair:3   | Found a runed translucent gate.
 12738 | Lair:3   | Found a runed translucent gate.
 12738 | Lair:3   | Found a runed translucent gate.
 12798 | Lair:3   | Reached XP level 13. HP: 96/104 MP: 18/18
 12814 | Lair:3   | Reached skill level 1 in Short Blades
 13073 | Lair:3   | Learned a level 3 spell: Fugue of the Fallen
 13130 | Lair:4   | Reached skill level 1 in Dodging
 13634 | Lair:4   | Reached skill level 1 in Necromancy
 13643 | Lair:4   | Reached skill level 1 in Spellcasting
 14882 | Lair:5   | Entered Level 5 of the Lair of Beasts
 15008 | Lair:5   | Reached skill level 12 in Polearms
 15183 | Lair:5   | Reached skill level 10 in Armour
 15479 | Lair:5   | Reached XP level 14. HP: 104/113 MP: 20/20
 16471 | Lair:5   | Found a staircase to the Slime Pits.
 16471 | Lair:5   | Found a viscous altar of Jiyva.
 16481 | Lair:5   | Reached skill level 13 in Polearms
 16830 | Lair:5   | Identified the +8 falchion of Severance {freeze, rPois rF+
                  | SInv}
 16831 | Lair:5   | Identified the staff of Reinforcement {rF+ Int+3 Hexes
                  | Fire}
 17528 | Orc:1    | Entered Level 1 of the Orcish Mines
 17631 | D:9      | Acquired a tuning booster {rPois rF+ Regen+ RegenMP+ rCorr}
 17858 | Orc:1    | Reached skill level 5 in Necromancy
 17860 | Orc:1    | Reached XP level 15. HP: 64/120 MP: 21/21
 17863 | Orc:1    | Reached skill level 5 in Dodging
 18237 | Orc:1    | Found a roughly hewn altar of Beogh.
 18389 | Orc:2    | Entered Level 2 of the Orcish Mines
 18454 | Orc:2    | Reached ***** piety under Yredelemnul
 18550 | Orc:2    | Found Atuhetz's General Store.
 18550 | Orc:2    | Found Ilesy's Assorted Antiques.
 18557 | Orc:2    | Found Mezxaw's Antique Armour Emporium.
 18557 | Orc:2    | Found Hiriefal's Magic Scroll Shop.
 18586 | Orc:2    | Bought a potion of heal wounds for 60 gold pieces
 18586 | Orc:2    | Bought a scroll of fog for 48 gold pieces
 18701 | Orc:2    | Found a staircase to the Elven Halls.
 18784 | Orc:2    | Found Ciruluqo's Distillery.
 19102 | Orc:2    | Bought a potion of might for 48 gold pieces
 19102 | Orc:2    | Bought a potion of berserk rage for 60 gold pieces
 19155 | Orc:2    | Bought a phial of floods for 1320 gold pieces
 19155 | Orc:2    | Bought a scroll of fear for 132 gold pieces
 19158 | Orc:2    | Bought a scroll of blinking for 127 gold pieces
 19158 | Orc:2    | Bought a scroll of identify for 34 gold pieces
 19159 | Orc:2    | Bought a scroll of identify for 34 gold pieces
 19405 | D:3      | Killed hattop's ghost
 20021 | D:11     | Noticed Urug
 20031 | D:11     | Killed Urug
 20031 | D:11     | Bound Urug
 20091 | D:11     | Noticed Erica
 20096 | D:11     | Noticed Snorg
 20099 | D:11     | Killed Erica
 20115 | D:11     | Killed Snorg
 20971 | D:12     | Reached skill level 14 in Polearms
 21092 | D:12     | Noticed Nessos
 21109 | D:12     | Killed Nessos
 21347 | D:12     | Identified the maw talisman "Sataon" {rElec Will+ Str-5}
 21751 | D:13     | Reached skill level 1 in Throwing
 21751 | D:13     | Found a gate to the Vaults.
 22487 | D:14     | Reached XP level 16. HP: 106/129 MP: 23/23
 22864 | D:14     | Got Sif Muna's Exposition on Interference and the Catacomb
 23264 | D:15     | Entered Level 15 of the Dungeon
 23280 | D:15     | Found a staircase to the Depths.
 24258 | D:15     | Found a blossoming altar of Fedhas.
 24608 | Swamp:1  | Entered Level 1 of the Swamp
 24797 | Swamp:1  | Reached skill level 10 in Invocations
 24797 | Swamp:1  | Reached skill level 10 in Evocations
 24947 | Swamp:1  | Reached ****** piety under Yredelemnul
 24968 | Swamp:1  | Identified the +2 helmet of the Minstrel {rF+}
 25170 | Swamp:1  | Learned a level 5 spell: Curse of Agony
 25175 | Swamp:1  | Learned a level 4 spell: Martyr's Knell
 25278 | Swamp:2  | Your ally Urug died
 25433 | Swamp:2  | Noticed a thorn hunter
 25435 | Swamp:2  | Noticed a thorn hunter
 25439 | Swamp:2  | Reached skill level 1 in Summonings
 25538 | Swamp:2  | Killed a thorn hunter
 25595 | Swamp:2  | Killed a thorn hunter
 25607 | Swamp:2  | Reached skill level 5 in Spellcasting
 25607 | Swamp:2  | Reached XP level 17. HP: 91/137 MP: 24/24
 25761 | Swamp:2  | Paralysed by a hornet for 1 turns
 25928 | Swamp:2  | Identified the +4 hand axe "Odauhul" {protect, SInv}
 26700 | Swamp:3  | Noticed Jorgrun
 26716 | Swamp:3  | Killed Jorgrun
 27403 | Swamp:4  | Entered Level 4 of the Swamp
 28176 | Swamp:4  | Noticed Bai Suzhen
 28204 | Swamp:4  | Engulfed by Bai Suzhen's thunder

Illustrated notes

Levels and vault maps discovered:
D:1:      minmay_arrival_plants_in_alcoves, layout_rooms, minmay_octomino_e4
D:2:      layout_basic
D:3:      layout_basic, vehumet_statue, gammafunk_ghost_nasty_kobolds,
          eino_tiny_chamber
D:4:      layout_rooms, minmay_misc_feat_rugged, uniq_menkaure
D:5:      layout_cave_pools, nicolae_ru_the_path_less_chosen, led_sif_pool,
          mainiacjoe_overflow_alcove_1, minmay_temple_entry_gardened_gates,
          enter_ossuary_5, serial_gnoll_camp, gnoll_camp_mini_hut,
          gnoll_camp_mini_hut, gnoll_camp_mini_basic, gnoll_camp_huts_basic
D:6:      layout_cave_pools
D:7:      lemuel_ice_statue, layout_basic
D:8:      kennysheep_housing_project, layout_cave_pools,
          mainiacjoe_overflow_chevrons, mainiacjoe_overflow_catwalk,
          nicolae_hepliaklqana_monster_ancestors,
          grunt_lair_entry_orc_guard_hut, amcnicky_mini_corridor_feature
D:9:      gammafunk_the_bubble [the_bubble_gammafunk_grid], layout_loops_cross,
          orc_david_3, uniq_prince_ribbit1
D:10:     layout_roguey, tso_metal_star, chei_slow_surprise
D:11:     layout_loops_cross, serial_bayou_pond_c, uniq_urug, uniq_erica,
          uniq_snorg
D:12:     layout_roguey, eino_jars, uniq_nessos
D:13:     layout_cave_pods, hellmonk_vaults_order_and_chaos
D:14:     layout_cave_pods, grunt_decor_mini_mirrors
D:15:     hellmonk_depths_entry_around_the_bend, layout_basic, fedhas_altar_2,
          serial_park_tiny_2
Temple:   nicolae_temple_god_jail
Lair:1:   layout_gridlike, chequers_serial_rivers_micro_e, serial_bayou_shore_a,
          uniq_grum
Lair:2:   layout_layer_cave, nicolae_snake_entry_squirm, uniq_maggie
Lair:3:   layout_big_grid, mainiacjoe_swamp_entry_angry_trees,
          maelrawn_ghost_gauntlet_escape, nicolae_lair_lindhole,
          lemuel_fruit_fields
Lair:4:   layout_cave_pods
Lair:5:   minmay_lair_end_frog_pond, layout_long_grid, slime_entry_1,
          special_room [special_room_mythical_zoo],
          hangedman_lair_unloving_vines
Swamp:1:  layout_basic_swamp, evilmike_swamp_ruin_house_3,
          nicolae_swamp_long_stream
Swamp:2:  nzn_winding_woodlands_cross [nzn_winding_woodlands_5x15_cabin,
          nzn_winding_woodlands_5x15_lazy_stream,
          nzn_winding_woodlands_5x15_split_checker,
          nzn_winding_woodlands_5x15_garden,
          nzn_winding_woodlands_15x15_killbox], layout_falls_marsh,
          evilmike_swamp_ruin_wall, hangedman_swamp_grove
Swamp:3:  layout_falls_marsh, evilmike_swamp_ruin_house_2, uniq_jorgrun
Swamp:4:  grunt_swamp_rune_castle, layout_basic_swamp, uniq_bai_suzhen
Orc:1:    minmay_goldmine, layout_caves, nicolae_orc_pool_cavern,
          minmay_orc_temple_c
Orc:2:    grunt_orc_tribal_feast, layout_caves, serial_shops,
          nicolae_shop_industrial_runoff, nicolae_orc_quarried_blocks

Skill      XL: |  1  2  3  4  5  6  7  8  9 10 11 12 13 14 15 16 17 |
---------------+----------------------------------------------------+-----
Armour         | 2 3 4 5 6 7 8 9 10 11 12 | 12.7
Fighting       | 2 3 4 5 6 7 8 9 10 11 12 13 | 13.7
Evocations     | 5 6 7 8 10 11 | 11.4
Polearms       | 3 5 7 9 11 12 13 14 | 14.0
Invocations    | 2 3 4 6 7 8 9 10 | 10.6
Short Blades   | 1 |  1.0
Dodging        | 3 4 6 7 8 |  8.5
Necromancy     | 3 5 7 |  7.0
Spellcasting   | 2 4 5 |  5.9
Throwing       | 2 4 |  4.1
Summonings     | 1 4 |  4.0
Stealth        | |  0.7

Action                     |  1- 3 |  4- 6 |  7- 9 | 10-12 | 13-15 | 16-18 || total
---------------------------+-------+-------+-------+-------+-------+-------++-------
  Melee: Club              |    42 |       |       |       |       |       ||    42
         Dagger            |    81 |    92 |   256 |   291 |   215 |       ||   935
         Mace              |    44 |    73 |       |       |       |       ||   117
         Flail             |       |    22 |    98 |       |       |       ||   120
         Trident           |       |       |   192 |   328 |  1016 |  1056 ||  2592
  Throw: Dart              |       |       |       |       |     2 |     2 ||     4
         Boomerang         |       |       |       |       |       |     4 ||     4
   Cast: Fugue of the Fall |       |       |       |       |       |     2 ||     2
 Invoke: Light the Black T |       |       |     4 |     4 |     7 |     5 ||    20
         Bind Soul         |       |       |       |     2 |     4 |     2 ||     8
         Hurl Torchlight   |       |       |       |     1 |     7 |       ||     8
         Recall Undead Har |       |       |       |     4 |     5 |     4 ||    13
Ability: Invent Gizmo      |       |       |       |       |     1 |       ||     1
  Evoke: Wand              |     2 |     9 |     7 |     9 |    16 |     8 ||    51
         Phial of floods   |       |       |       |       |       |     1 ||     1
    Use: Scroll            |       |       |    14 |    11 |     9 |     8 ||    42
         Potion            |       |       |       |       |     2 |    14 ||    16
   Stab: Sleeping          |     1 |       |     3 |     6 |     1 |       ||    11
         Distracted        |       |       |       |     9 |    11 |     8 ||    28
         Petrified         |       |       |       |       |    48 |       ||    48
         Petrifying        |       |       |       |       |     5 |       ||     5
         Invisible         |       |       |       |       |       |     7 ||     7
         Confused          |       |       |       |       |       |     1 ||     1
 Armour: Leather armour    |    32 |       |       |       |       |       ||    32
         Chain mail        |    23 |    91 |   175 |       |       |       ||   289
         Scale mail        |       |       |   187 |   388 |   541 |   454 ||  1570
  Dodge: Dodged            |    58 |    38 |   197 |   208 |   344 |   274 ||  1119

Table legend: (Time is in decaauts)
 A = Elapsed time spent in this place.
 B = Non-inter-level travel time spent in this place.
 C = Inter-level travel time spent in this place.
 D = Time resting spent in this place.
 E = Time spent auto-exploring this place.
 F = Levels seen in this place.
 G = Mean time per level.
                   A        B        C        D        E       F      G
               +--------+--------+--------+--------+--------+-----+--------+
         Total |  28372 |  26261 |   2111 |   6164 |  13151 |  28 | 1013.3 |
       Dungeon |  14326 |  13112 |   1214 |   1868 |   7668 |  15 |  955.1 |
        Temple |     78 |     22 |     56 |      0 |      0 |   1 |   78.0 |
          Lair |   8222 |   7687 |    535 |   2861 |   3162 |   5 | 1644.4 |
         Swamp |   3755 |   3606 |    149 |   1160 |   1336 |   4 |  938.8 |
  Orcish Mines |   1546 |   1390 |    156 |    114 |    882 |   2 |  773.0 |
       Ossuary |    443 |    443 |      0 |    161 |    102 |   1 |  443.0 |
               +--------+--------+--------+--------+--------+-----+--------+

Top non-repeatable levels by time:
  Lair:5: 2321 daAuts
  Lair:4: 2034 daAuts
     D:9: 1748 daAuts
  Lair:2: 1553 daAuts
 Swamp:2: 1530 daAuts
  Lair:1: 1329 daAuts
     D:7: 1305 daAuts
     D:8: 1247 daAuts
    D:15: 1070 daAuts
     D:5: 1067 daAuts
 Swamp:3: 1038 daAuts
  Lair:3: 984 daAuts
    D:13: 904 daAuts
   Orc:1: 888 daAuts
     D:3: 851 daAuts
